 Dungeon Crawl Stone Soup version 0.30.1-11-g7821555f0a (webtiles) character file.

Game seed: 12055302877328632102

32064 Jerry the Grappler (level 13, -2/144 HPs)
             Began as a Troll Fighter on Dec 12, 2023.
             Was an Elder of the Shining One.
             Slain by a 14-headed hydra (7 damage)
             ... on level 4 of the Lair of Beasts.
             The game lasted 00:50:30 (13363 turns).

Jerry the Grappler (Troll Fighter)                 Turns: 13363, Time: 00:50:31

Health: -2/144     AC: 15    Str: 27    XL:     13   Next: 29%
Magic:  18/18      EV: 11    Int:  6    God:    the Shining One [****..]
Gold:   769        SH: 15    Dex: 11    Spells: 12/12 levels left

rFire   + .          .
                       - Unarmed
rCold   + . .        b - +0 kite shield
rNeg    + + .        E - +1 acid dragon scales
rPois   .            (helmet restricted)
rElec   .            p - scarf of Paranoia {shadows, rF+ Will+ rCorr}
rCorr   +            (gloves unavailable)
SInv    .            (boots unavailable)
Will    +....        (no amulet)
Stlth   +            j - ring of flight
HPRegen 1.24/turn    c - +4 ring of protection
MPRegen 0.16/turn

%: no passive effects
@: flying, glowing
A: large, unfitting armour, claws 3, regeneration 1, shaggy fur 1, tough skin 1,
horns 1, iridescent scales 1, large bone plates 1, cold resistance 1, robust 1
a: Renounce Religion, Divine Shield, Cleansing Flame


You were on level 4 of the Lair of Beasts.
You worshipped the Shining One.
The Shining One was greatly pleased with you.
You visited 3 branches of the dungeon, and saw 14 of its levels.
You also visited: Sewer.

You collected 769 gold pieces.

Inventory:

Missiles
 t - a curare-tipped dart (quivered)
 F - 3 large rocks
 G - a throwing net
Armour
 b - a +0 kite shield (worn)
 p - the scarf of Paranoia (worn) {shadows, rF+ Will+ rCorr}
   (You acquired it on level 5 of the Dungeon)

   rF:        It protects you from fire.
   rCorr:     It protects you from acid and corrosion.
   Will:      It increases your willpower.
 E - +1 acid dragon scales (worn)
Jewellery
 c - a +4 ring of protection (right claw)
 g - a ring of fire
 j - a ring of flight (left claw)
Wands
 n - a wand of polymorph (10)
 r - a wand of flame (31)
 u - a wand of roots (11)
 w - a wand of mindburst (1)
 C - a wand of digging (15)
 D - a wand of paralysis (7)
Scrolls
 i - 5 scrolls of blinking
 m - 9 scrolls of identify
 o - 3 scrolls of immolation
 v - a scroll of enchant weapon {unknown}
 y - a scroll of amnesia
 z - 3 scrolls of fear
 A - a scroll of acquirement
Potions
 a - a potion of magic
 d - 3 potions of lignification
 e - 3 potions of attraction
 f - a potion of flight
 h - 5 potions of ambrosia
 k - a potion of berserk rage {unknown}
 l - 6 potions of curing
 q - 2 potions of haste
 s - a potion of cancellation
 x - 3 potions of mutation


   Skills:
 + Level 9.1 Fighting
 + Level 9.2 Dodging
 + Level 10.0 Shields
 + Level 11.7 Unarmed Combat
 + Level 8.2 Invocations


You had 12 spell levels left.
You didn't know any spells.
Your spell library contained the following spells:

 Spells                   Type           Power      Damage    Failure   Level
 Magic Dart               Conj           0%         1d3       71%         1
 Slow                     Hex            0%         N/A       71%         1
 Searing Ray              Conj           0%         2d4       83%         2
 Confusing Touch          Hex            0%         N/A       97%         3
 Inner Flame              Hex/Fire       0%         N/A       97%         3
 Vampiric Draining        Necr           0%         2d6       97%         3
 Fulminant Prism          Conj/Hex       0%         3d5       100%        4
 Passage of Golubria      Tloc           0%         N/A       100%        4
 Silence                  Hex/Air        0%         N/A       100%        5
 Yara's Violent Unravell  Hex/Tmut       0%         3d3       100%        5
 Enfeeble                 Hex            0%         N/A       100%        7
 Lehudib's Crystal Spear  Conj/Erth      0%         10d2      100%        8


Dungeon Overview and Level Annotations

Branches:
Dungeon (9/15)             Temple (1/1) D:5            Lair (4/5) D:9
  Swamp (0/4) Lair:3       Spider (0/4) Lair:2        Sewer (visited)
  Slime: Lair:4-5       Orc: D:9-12

Altars:
Ashenzari
Cheibriados
Dithmenos
Elyvilon
Fedhas
Gozag
Hepliaklqana
Kikubaaqudgha
Makhleb
Nemelex Xobeh
Okawaru
Qazlal
Ru
Sif Muna
Trog
Uskayaw
Vehumet
Wu Jian
Xom
Yredelemnul
Zin
The Shining One

Shops:
D:6 ?

Annotations:
D:5 4 runed translucent doors
Lair:1 exclusion: ice statue


Innate Abilities, Weirdness & Mutations

You are too large for most types of armour.
You have claws for hands.
Your natural rate of healing is unusually fast.
You are covered in fur. (AC +1)
You have tough skin. (AC +1)
You have a pair of small horns on your head.
You are partially covered in iridescent scales. (AC +2)
You are partially covered in large bone plates. (SH +4)
Your flesh is cold resistant. (rC+)
You are robust. (+10% HP)


Message History

* * * LOW HITPOINT WARNING * * *
The 12-headed hydra bites you!
* * * LOW HITPOINT WARNING * * *
You tear one of the 12-headed hydra's heads off!
The 11-headed hydra grows two more!
You claw the 13-headed hydra!
You headbutt the 13-headed hydra, but do no damage.
The 13-headed hydra is severely wounded.
The 13-headed hydra closely misses you.
The 13-headed hydra bites you but does no damage.
The 13-headed hydra closely misses you. The 13-headed hydra barely misses you.
You block the 13-headed hydra's attack. x2
The 13-headed hydra bites you but does no damage.
The 13-headed hydra closely misses you.
You block the 13-headed hydra's attack. x2
The 13-headed hydra bites you.
* * * LOW HITPOINT WARNING * * *
The 13-headed hydra bites you but does no damage.
The 13-headed hydra closely misses you.
You rip one of the 13-headed hydra's heads off!
The 12-headed hydra grows two more!
You scratch the 14-headed hydra.
The 14-headed hydra is severely wounded.
The 14-headed hydra bites you but does no damage.
The 14-headed hydra misses you. You block the 14-headed hydra's attack.
The 14-headed hydra barely misses you. The 14-headed hydra bites you.
* * * LOW HITPOINT WARNING * * *
You block the 14-headed hydra's attack. The 14-headed hydra bites you!
* * * LOW HITPOINT WARNING * * *
You block the 14-headed hydra's attack.
The 14-headed hydra bites you but does no damage.
The 14-headed hydra bites you!
* * * LOW HITPOINT WARNING * * *
The 14-headed hydra bites you but does no damage.
You block the 14-headed hydra's attack.
The 14-headed hydra bites you but does no damage.
The 14-headed hydra bites you.
* * * LOW HITPOINT WARNING * * *
You scratch the 14-headed hydra but do no damage.
You headbutt the 14-headed hydra.
The 14-headed hydra is severely wounded.
The 14-headed hydra bites you!
You die...

.....#.....### ##
.....##..## # #......##
## .. #.÷.....# #. . ...
##.....P# #P
.....###...#.## ##### #.
.............#####..P####
...##...D##............#
...#..#.@###........#...#
...................##..##
.#.###.............###.P#
#####P........###..#
##..†.....##....
#..............
##.#.........P.
###.###.....~~ ###.#
#.....~~


You could see a 14-headed hydra.

Vanquished Creatures
  4 hydras
  4 death yaks (Lair:4)
  A bog body (Lair:1)
  A cyclops (D:8)
  5 elephants (Lair:3)
  3 black mambas
  7 cane toads
  3 torpor snails
  Maggie (D:7)
  5 komodo dragons
  A freezing wraith (Lair:1)
  The ghost of raetorn the Ruffian, an amateur TrFi (D:4)
  3 ice devils (Lair:1)
  A troll (D:7)
  4 polar bears
  A hornet (D:9)
  Grinder (D:4)
  11 dream sheep
  Sigmund (D:5)
  A wraith (D:9)
  2 wyverns
  Eustachio (D:6)
  A dire elephant simulacrum (Lair:1)
  A basilisk (Lair:1)
  41 yaks
  A steam dragon (D:6)
  Edmund (D:4)
  Duvessa (D:6)
  7 water moccasins
  6 black bears
  2 ice beasts
  3 orc warriors
  2 sky beasts (D:7)
  16 wolves
  4 ogres
  3 centaurs
  2 phantoms
  4 kobold brigands
  11 bullfrogs
  Blork the orc (D:6)
  A two-headed ogre simulacrum (Lair:1)
  7 wights
  5 scorpions
  Dowan (D:6)
  3 killer bees (D:9)
  4 electric eels
  2 howler monkeys (D:8)
  6 hounds
  A jelly (D:5)
  3 orc priests
  Ijyb (D:4)
  3 sleepcaps (D:5)
  Jessica (D:2)
  4 iguanas
  9 orc wizards
  Natasha (thrice) (D:3)
  6 hell rats (Lair:3)
  A wolf simulacrum (Lair:1)
  Robin (D:3)
  5 gnolls
  2 river rats (Sewer)
  19 adders
  3 white imps
  2 ufetubi
  2 worms
  6 dart slugs
  31 orcs
  6 endoplasms
  7 giant cockroaches
  18 goblins
  9 hobgoblins
  5 jackals
  23 kobolds
  3 quokkas (D:3)
  10 ball pythons
  9 bats
  5 frilled lizards
  12 rats
408 creatures vanquished.

Vanquished Creatures (others)
  A wolf (Lair:2)
  An orc wizard (D:5)
2 creatures vanquished.

Grand Total: 410 creatures vanquished

Notes
Turn   | Place    | Note
-------+----------+-------------------------------------------
     0 | D:1      | Jerry the Troll Fighter began the quest for the Orb.
     0 | D:1      | Reached XP level 1. HP: 22/22 MP: 0/0
   300 | D:1      | Reached XP level 2. HP: 29/29 MP: 1/1
   389 | D:1      | Found a faded altar of an unknown god.
   518 | D:1      | Reached XP level 3. HP: 36/36 MP: 2/2
  1019 | D:2      | Noticed Jessica
  1029 | D:2      | Killed Jessica
  1030 | D:2      | Reached skill level 3 in Unarmed Combat
  1054 | D:2      | Reached XP level 4. HP: 44/44 MP: 3/3
  1356 | D:2      | Reached XP level 5. HP: 53/53 MP: 4/4
  1821 | D:3      | Noticed Natasha
  1826 | D:3      | Killed Natasha
  1827 | D:3      | Reached skill level 4 in Unarmed Combat
  1980 | D:3      | Reached XP level 6. HP: 61/61 MP: 5/5
  2062 | D:3      | Noticed Robin
  2070 | D:3      | Killed Robin
  2213 | D:3      | Noticed Natasha
  2219 | D:3      | Killed Natasha
  2446 | D:3      | Found a glowing drain.
  2455 | Sewer    | Entered a sewer
  2616 | Sewer    | Reached skill level 5 in Unarmed Combat
  2616 | Sewer    | Reached XP level 7. HP: 66/68 MP: 6/6
  3129 | D:3      | Noticed Natasha
  3134 | D:3      | Killed Natasha
  3199 | D:4      | Found a sparkling altar of Nemelex Xobeh.
  3211 | D:4      | Found a white marble altar of Elyvilon.
  3440 | D:4      | Noticed Edmund
  3449 | D:4      | Killed Edmund
  3450 | D:4      | Noticed Ijyb
  3498 | D:4      | Killed Ijyb
  3537 | D:4      | Noticed Grinder
  3552 | D:4      | Paralysed by Grinder for 3 turns
  3568 | D:4      | Killed Grinder
  3569 | D:4      | Reached skill level 6 in Unarmed Combat
  3569 | D:4      | Reached XP level 8. HP: 40/78 MP: 7/7
  3609 | D:4      | Found a runed translucent gate.
  3609 | D:4      | Found a runed translucent gate.
  3609 | D:4      | Noticed raetorn's ghost (amateur TrFi)
  3610 | D:4      | Found a runed translucent gate.
  4004 | D:4      | Paralysed by a kobold brigand for 3 turns
  4020 | D:4      | Killed raetorn's ghost
  4021 | D:4      | Reached skill level 5 in Shields
  4021 | D:4      | Reached skill level 7 in Unarmed Combat
  4150 | D:5      | Entered Level 5 of the Dungeon
  4229 | D:5      | Found a large runed translucent door.
  4240 | D:5      | Found a large runed translucent door.
  4240 | D:5      | Noticed a troll
  4254 | D:5      | Found a large runed translucent door.
  4254 | D:5      | Found a large runed translucent door.
  4260 | D:5      | Found a staircase to the Ecumenical Temple.
  4328 | Temple   | Entered the Ecumenical Temple
  4350 | Temple   | Became a worshipper of the Shining One
  4421 | D:5      | Noticed Sigmund
  4427 | D:5      | Killed Sigmund
  4428 | D:5      | Reached skill level 5 in Fighting
  4428 | D:5      | Reached skill level 5 in Dodging
  4428 | D:5      | Reached XP level 9. HP: 88/88 MP: 8/8
  4477 | D:5      | Reached skill level 1 in Invocations
  4596 | D:5      | Found a stormy altar of Qazlal.
  4833 | D:5      | Reached skill level 8 in Unarmed Combat
  4950 | D:5      | Identified the +1 long sword of the Evil Eye {drain, Will+
                  | Str+6 Dex-4 Stlth+}
  5041 | D:5      | Identified 2 scrolls of acquirement
  5041 | D:5      | Acquired the scarf of Paranoia {shadows, rF+ Will+ rCorr}
  5113 | D:6      | Noticed Duvessa
  5120 | D:6      | Noticed Dowan
  5137 | D:6      | Killed Duvessa
  5145 | D:6      | Killed Dowan
  5232 | D:6      | Reached * piety under the Shining One
  5314 | D:6      | Noticed Eustachio
  5340 | D:6      | Killed Eustachio
  5419 | D:6      | Found a basalt altar of Yredelemnul.
  5437 | D:6      | Found a radiant altar of Vehumet.
  5606 | D:6      | Noticed Blork the orc
  5612 | D:6      | Killed Blork the orc
  5735 | D:6      | Found Dyoduc's Magic Scroll Emporium.
  5895 | D:7      | Reached XP level 10. HP: 90/98 MP: 11/11
  5996 | D:7      | Found the +5 woodcutter's axe
  6055 | D:7      | Noticed Maggie
  6083 | D:7      | Killed Maggie
  6446 | D:7      | Found a sacrificial altar of Ru.
  7389 | D:8      | Reached skill level 9 in Unarmed Combat
  7548 | D:8      | Reached ** piety under the Shining One
  7761 | D:8      | Noticed a cyclops
  7780 | D:8      | Killed a cyclops
  8157 | D:9      | Found a broken altar of Ashenzari.
  8360 | D:9      | Found a staircase to the Lair.
  8369 | D:9      | Reached XP level 11. HP: 107/107 MP: 13/13
  8403 | D:9      | Reached skill level 5 in Invocations
  9117 | D:9      | Gained mutation: You expend magic power (3 MP) to
                  | strengthen your wands. [potion of mutation]
  9117 | D:9      | Gained mutation: Your body sometimes deteriorates upon
                  | taking damage. [potion of mutation]
  9117 | D:9      | Gained mutation: You have hidden genetic defects. [potion
                  | of mutation]
  9118 | D:9      | Lost mutation: You expend magic power (3 MP) to strengthen
                  | your wands. [potion of mutation]
  9118 | D:9      | Lost mutation: Your body sometimes deteriorates upon taking
                  | damage. [potion of mutation]
  9118 | D:9      | Lost mutation: You have hidden genetic defects. [potion of
                  | mutation]
  9118 | D:9      | Gained mutation: Your magical capacity is low. (-10% MP)
                  | [potion of mutation]
  9118 | D:9      | Gained mutation: You expend magic power (3 MP) to
                  | strengthen your wands. [potion of mutation]
  9119 | D:9      | Lost mutation: You expend magic power (3 MP) to strengthen
                  | your wands. [potion of mutation]
  9119 | D:9      | Lost mutation: Your magical capacity is low. (-10% MP)
                  | [potion of mutation]
  9119 | D:9      | Gained mutation: You are robust. (+10% HP) [potion of
                  | mutation]
  9119 | D:9      | Gained mutation: You are partially covered in large bone
                  | plates. (SH +4) [potion of mutation]
  9119 | D:9      | Gained mutation: You have a pair of small horns on your
                  | head. [potion of mutation]
  9119 | D:9      | Gained mutation: You have hidden genetic potential. [potion
                  | of mutation]
  9174 | Lair:1   | Entered Level 1 of the Lair of Beasts
  9487 | Lair:1   | Reached *** piety under the Shining One
  9512 | Lair:1   | Reached skill level 10 in Unarmed Combat
 10071 | Lair:1   | Noticed a bog body
 10093 | Lair:1   | Killed a bog body
 10172 | Lair:1   | Identified the staff of conjuration "Nankuj" {Fragile rElec
                  | Int+4}
 10174 | Lair:1   | Identified the +9 shortbow of Ambiguity {freeze, MP-9 Dex+3
                  | Stlth+}
 10922 | Lair:2   | Reached XP level 12. HP: 130/130 MP: 15/15
 11126 | Lair:2   | Noticed a five-headed hydra
 11135 | Lair:2   | Killed a ten-headed hydra
 11147 | Lair:2   | Gained mutation: Your flesh is cold resistant. (rC+)
                  | [hidden potential]
 11241 | Lair:2   | Noticed a six-headed hydra
 11475 | Lair:2   | Found a hole to the Spider Nest.
 11658 | Lair:3   | Found a staircase to the Swamp.
 11925 | Lair:3   | Reached skill level 11 in Unarmed Combat
 12049 | Lair:3   | Reached **** piety under the Shining One
 12051 | Lair:3   | Noticed a seven-headed hydra
 12065 | Lair:3   | Killed a 13-headed hydra
 12315 | Lair:3   | Noticed a six-headed hydra
 12324 | Lair:3   | Killed a 12-headed hydra
 12562 | Lair:3   | Identified the +7 spear of Melee {spect, rF+}
 12953 | Lair:4   | Noticed a death yak
 12953 | Lair:4   | Noticed a death yak
 12954 | Lair:4   | Noticed a death yak
 12955 | Lair:4   | Noticed a death yak
 12971 | Lair:4   | Killed a death yak
 12972 | Lair:4   | Reached XP level 13. HP: 143/143 MP: 13/17
 13026 | Lair:4   | Gained mutation: You are partially covered in iridescent
                  | scales. (AC +2) [hidden potential]
 13026 | Lair:4   | Lost mutation: You have hidden genetic potential. [hidden
                  | potential expressed]
 13320 | Lair:4   | Reached skill level 10 in Shields
 13362 | Lair:4   | HP: 5/144 [14-headed hydra (7)]
 13363 | Lair:4   | Slain by a 14-headed hydra

Illustrated notes

Levels and vault maps discovered:
D:1:      dpeg_arrival_connections, layout_basic,
          hellmonk_ecumenical_altar_dog_temple, minmay_split_cup_large
D:2:      layout_loops_ring, uniq_jessica
D:3:      cheibrodos_old_hovel, layout_loops_ring, gup_sewer_entry_spiral,
          uniq_robin, uniq_natasha
D:4:      layout_basic, grunt_temple_overflow_open,
          gammafunk_ghost_nasty_kobolds, columned_hall_lemuel, uniq_ijyb,
          uniq_grinder, uniq_edmund
D:5:      layout_loops_ring, mainiacjoe_overflow_brackets,
          minmay_temple_entry_waves, minmay_hollow_rounded_squares, uniq_sigmund
D:6:      layout_loops_cross, mainiacjoe_overflow_catch_the_wave, serial_shops,
          shop, nrook_campfire, uniq_blork_the_orc, uniq_duvessa, uniq_eustachio
D:7:      layout_basic, kennysheep_mini_moat, uniq_maggie
D:8:      layout_layer_cave
D:9:      layout_basic, mainiacjoe_overflow_cross_hatched,
          due_lair_maze_entry_diamond
Temple:   hellmonk_temple_two_chambers
Lair:1:   dreamdust_isle_of_ice, layout_cave_pods,
          chequers_serial_rivers_micro_d, serial_bayou_pond_b
Lair:2:   layout_loops_ring, spider_nest_entry_webs, serial_bayou_lagoon_a
Lair:3:   layout_loops_ring, swamp_mist_pool
Lair:4:   layout_loops_ring, guppyfry_lair_drakes, serial_bayou_shore_a

Skill      XL: |  1  2  3  4  5  6  7  8  9 10 11 12 13 |
---------------+----------------------------------------+-----
Shields        | 3 4 5 6 7 8 9 10 | 10.0
Unarmed Combat | 3 4 5 6 7 8 9 10 11 | 11.7
Dodging        | 3 4 5 6 7 8 9 |  9.2
Fighting       | 3 4 5 6 7 8 9 |  9.1
Invocations    | 3 4 6 7 8 |  8.2

Action                     |  1- 3 |  4- 6 |  7- 9 | 10-12 | 13-15 || total
---------------------------+-------+-------+-------+-------+-------++-------
  Melee: Unarmed           |    67 |   256 |   385 |   636 |   107 ||  1451
         Headbutt          |       |       |       |   112 |    44 ||   156
 Invoke: Divine Shield     |       |       |       |     2 |     1 ||     3
  Evoke: Wand              |       |       |       |     8 |     2 ||    10
    Use: Scroll            |       |       |    14 |    13 |       ||    27
         Potion            |       |       |     1 |     6 |       ||     7
   Stab: Sleeping          |       |     1 |     2 |       |       ||     3
 Armour: Robe              |    19 |    74 |   116 |     2 |       ||   211
         Acid dragon scale |       |       |       |   214 |    36 ||   250
  Dodge: Dodged            |    17 |    86 |   116 |   238 |    31 ||   488
  Block: Kite shield       |    26 |   117 |   125 |   378 |    95 ||   741
